ACL
ACL SEATTLE MARINERS @ ACL CAROLINA CATAMOUNTS
05/09/2042
 
TOP OF THE 1ST
ACL Seattle Mariners batting - Pitching for ACL Carolina Catamounts : LHP Greg Johnson
Pitching: LHP Greg Johnson
Batting: RHB Augusto Estrada 0-0: Ball
1-0: Foul Ball, location: 23F
1-1: Foul Ball, location: 2F
1-2: Ball
2-2: Foul Ball, location: 5FF
2-2: Fly out, F1 (Line Drive, P, EV 70.6 MPH)
Batting: RHB Johnny McIntosh 0-0: Called Strike
0-1: Foul Ball, location: 23FF
0-2: Ball
1-2: Ball
2-2: Foul Ball, location: 9LSF
2-2: Strikes out swinging
Batting: RHB César Chávez 0-0: Ball
1-0: Ball
2-0: Ball
3-0: Called Strike
3-1: Base on Balls
Batting: RHB António Medina 0-0: Ball
1-0: SINGLE (Line Drive, 8RS, EV 92.5 MPH)
César Chávez to second
Runner from 2nd tries for 3rd, OUT! 8-5
Top of the 1st over - 0 runs, 1 hit, 0 errors, 1 left on base; ACL Seattle 0 - ACL Carolina 0
BOTTOM OF THE 1ST
ACL Carolina Catamounts batting - Pitching for ACL Seattle Mariners : RHP Jim Unknown
Pitching: RHP Jim Unknown
Batting: LHB Jamie Robinson 0-0: Called Strike
0-1: Ball
1-1: Ball
2-1: Called Strike
2-2: Ball
3-2: Base on Balls
Batting: RHB Jesús García 0-0: Ball
1-0: Ball
2-0: Grounds into double play, 4-6-3 (Groundball, 34S, EV 80.6 MPH)
Batting: RHB Robbie Caballero 0-0: Called Strike
0-1: Swinging Strike
0-2: DOUBLE (Line Drive, 8LXD, EV 105.0 MPH)
Batting: RHB Rex Cahill 0-0: Ball
1-0: Swinging Strike
1-1: Called Strike
1-2: Ball
2-2: Ball
3-2: Base on Balls
Batting: LHB Jonathan McKee 0-0: Ball
1-0: Ball
2-0: Called Strike
2-1: Ball
3-1: Foul Ball, location: 7LMF
3-2: Foul Ball, location: 2F
3-2: Foul Ball, location: 7LSF
3-2: Base on Balls
Robbie Caballero to third
Rex Cahill to second
Batting: RHB Ferdinand Maes 0-0: SINGLE (Flyball, 34D, EV 78.1 MPH)
Robbie Caballero scores
Rex Cahill to third
Jonathan McKee to second
Batting: LHB Phil Wilson 0-0: Hit by Pitch
Rex Cahill scores
Jonathan McKee to third
Ferdinand Maes to second
Batting: RHB Bob Cunningham 0-0: Fly out, F4 (Popup, 4, EV 70.0 MPH)
Bottom of the 1st over - 2 runs, 2 hits, 0 errors, 3 left on base; ACL Seattle 0 - ACL Carolina 2
TOP OF THE 2ND
ACL Seattle Mariners batting - Pitching for ACL Carolina Catamounts : LHP Greg Johnson
Batting: RHB Johnny Pritchard 0-0: Ball
1-0: Called Strike
1-1: Fly out, F9 (Flyball, 9, EV 93.8 MPH)
Batting: RHB Sandy Lane 0-0: Fly out, F9 (Line Drive, 89M, EV 95.0 MPH)
Batting: LHB Duane Cooper 0-0: Fly out, F2 (Popup, 2RF, EV 92.5 MPH)
Top of the 2nd over - 0 runs, 0 hits, 0 errors, 0 left on base; ACL Seattle 0 - ACL Carolina 2
BOTTOM OF THE 2ND
ACL Carolina Catamounts batting - Pitching for ACL Seattle Mariners : RHP Jim Unknown
Batting: RHB Lonnie McLaughlin 0-0: Called Strike
0-1: Ball
1-1: Swinging Strike
1-2: Fly out, F7 (Flyball, 7, EV 96.9 MPH)
Batting: LHB Jamie Robinson 0-0: Ball
1-0: Called Strike
1-1: Ball
2-1: Ball
3-1: Base on Balls
Batting: RHB Jesús García 0-0: Foul Ball, location: 2F
0-1: Called Strike
0-2: Strikes out swinging
Batting: RHB Robbie Caballero 0-0: Called Strike
0-1: Fly out, F7 (Flyball, 7D, EV 93.8 MPH)
Bottom of the 2nd over - 0 runs, 0 hits, 0 errors, 1 left on base; ACL Seattle 0 - ACL Carolina 2
TOP OF THE 3RD
ACL Seattle Mariners batting - Pitching for ACL Carolina Catamounts : LHP Greg Johnson
Batting: RHB Claude Simmons 0-0: Fly out, F3 (Popup, 3SF, EV 73.8 MPH)
Batting: LHB Phil Blue 0-0: Ball
1-0: Foul Ball, location: 23FF
1-1: Swinging Strike
1-2: Ball
2-2: Fly out, F8 (Flyball, 8LM, EV 78.8 MPH)
Batting: RHB Augusto Estrada 0-0: Ball
1-0: Swinging Strike
1-1: Swinging Strike
1-2: Foul Ball, location: 9LDF
1-2: Strikes out swinging
Top of the 3rd over - 0 runs, 0 hits, 0 errors, 0 left on base; ACL Seattle 0 - ACL Carolina 2
BOTTOM OF THE 3RD
ACL Carolina Catamounts batting - Pitching for ACL Seattle Mariners : RHP Jim Unknown
Batting: RHB Rex Cahill 0-0: Called Strike
0-1: Ball
1-1: Ball
2-1: Ball
3-1: Foul Ball, location: 9LSF
3-2: SOLO HOME RUN (Flyball, 7LD, EV 94.4 MPH), Distance : 347 ft
Batting: LHB Jonathan McKee 0-0: Foul Ball, location: 2F
0-1: Swinging Strike
0-2: DOUBLE (Line Drive, 7LM, EV 93.1 MPH)
Batting: RHB Ferdinand Maes 0-0: Called Strike
0-1: Ball
1-1: 2-RUN HOME RUN (Flyball, 78XD, EV 101.3 MPH), Distance : 416 ft
Pitching: RHP Jim Unknown
Batting: LHB Phil Wilson 0-0: Ball
1-0: Called Strike
1-1: Foul Ball, location: 5DF
1-2: Ball
2-2: Ball
3-2: Strikes out swinging
Batting: RHB Bob Cunningham 0-0: Called Strike
0-1: DOUBLE (Line Drive, 89D, EV 104.4 MPH)
Batting: RHB Lonnie McLaughlin 0-0: Foul Ball, location: 2F
0-1: Ball
1-1: Foul Ball, location: 9LSF
1-2: Ball
2-2: Foul Ball, location: 3SF
2-2: Foul Ball, location: 9LDF
2-2: Foul Ball, location: 25F
2-2: Fly out, F3 (Popup, 34, EV 73.1 MPH)
Batting: LHB Jamie Robinson 0-0: Ball
1-0: Foul Ball, location: 2F
1-1: Ball
2-1: Ball
3-1: Foul Ball, location: 2F
3-2: Base on Balls
Batting: RHB Jesús García 0-0: Ball
1-0: Ball
2-0: Ball
3-0: Called Strike
3-1: Base on Balls
Bob Cunningham to third
Jamie Robinson to second
Batting: RHB Robbie Caballero 0-0: Ball
1-0: Foul Ball, location: 5F
1-1: Swinging Strike
1-2: Ball
2-2: Ball
3-2: Strikes out swinging
Bottom of the 3rd over - 3 runs, 4 hits, 0 errors, 3 left on base; ACL Seattle 0 - ACL Carolina 5
TOP OF THE 4TH
ACL Seattle Mariners batting - Pitching for ACL Carolina Catamounts : LHP Greg Johnson
Batting: RHB Johnny McIntosh 0-0: Called Strike
0-1: Foul Ball, location: 9LDF
0-2: Ball
1-2: Foul Ball, location: 2F
1-2: Foul Ball, location: 25F
1-2: Foul Ball, location: 2F
1-2: Strikes out looking
Batting: RHB César Chávez 0-0: Foul Ball, location: 9LSF
0-1: Swinging Strike
0-2: Ball
1-2: DOUBLE (Line Drive, 7LM, EV 98.8 MPH)
Batting: RHB António Medina 0-0: Ball
1-0: SINGLE (Line Drive, 78S, EV 94.4 MPH)
César Chávez to third
Batting: RHB Johnny Pritchard 0-0: 3-RUN HOME RUN (Flyball, 9D, EV 95.6 MPH), Distance : 363 ft
Batting: RHB Sandy Lane 0-0: Ground out 5-3 (Groundball, 56S, EV 76.3 MPH)
Batting: LHB Duane Cooper 0-0: Ball
1-0: Ball
2-0: Ball
3-0: Base on Balls
Batting: RHB Claude Simmons 0-0: Ball
1-0: Called Strike
1-1: Swinging Strike
1-2: Ball
2-2: Foul Ball, location: 9LDF
2-2: Strikes out looking
Top of the 4th over - 3 runs, 3 hits, 0 errors, 1 left on base; ACL Seattle 3 - ACL Carolina 5
BOTTOM OF THE 4TH
ACL Carolina Catamounts batting - Pitching for ACL Seattle Mariners : RHP Jim Unknown
Batting: RHB Rex Cahill 0-0: Called Strike
0-1: Foul Ball, location: 2F
0-2: Ball
1-2: Ball
2-2: Foul Ball, location: 5FF
2-2: Foul Ball, location: 2F
2-2: SOLO HOME RUN (Flyball, 7LD, EV 92.5 MPH), Distance : 344 ft
Batting: LHB Jonathan McKee 0-0: Called Strike
0-1: Foul Ball, location: 25FF
0-2: Ball
1-2: Ball
2-2: Foul Ball, location: 5F
2-2: Strikes out swinging
Batting: RHB Ferdinand Maes 0-0: Called Strike
0-1: Swinging Strike
0-2: Foul Ball, location: 2F
0-2: Ball
1-2: Foul Ball, location: 2F
1-2: Ball
2-2: Ball
3-2: Foul Ball, location: 5DF
3-2: Foul Ball, location: 5FF
3-2: Base on Balls
Pitching: LHP Jim Unknown
Batting: LHB Phil Wilson 0-0: Ball
1-0: Swinging Strike
1-1: Swinging Strike
1-2: Foul Ball, location: 23F
1-2: Strikes out swinging
Batting: RHB Bob Cunningham 0-0: SINGLE (Groundball, 34D, EV 98.1 MPH)
Ferdinand Maes to second
Runner from 2nd tries for 3rd, SAFE, throw by RF made to third
Batting: RHB Lonnie McLaughlin 0-0: Foul Ball, location: 3F
0-1: Swinging Strike
0-2: Strikes out swinging
Bottom of the 4th over - 1 run, 2 hits, 0 errors, 2 left on base; ACL Seattle 3 - ACL Carolina 6
TOP OF THE 5TH
ACL Seattle Mariners batting - Pitching for ACL Carolina Catamounts : LHP Greg Johnson
Batting: LHB Phil Blue 0-0: Ball
1-0: Ball
2-0: Fly out, F9 (Flyball, 89D, EV 88.8 MPH)
Batting: RHB Augusto Estrada 0-0: Ball
1-0: Called Strike
1-1: Foul Ball, location: 23FF
1-2: TRIPLE (Line Drive, 8LXD, EV 105.0 MPH)
Batting: RHB Johnny McIntosh 0-0: Ball
1-0: Called Strike
1-1: Ball
2-1: Ball
3-1: Foul Ball, location: 3F
3-2: SINGLE (Groundball, 3D, EV 100.6 MPH)
Augusto Estrada scores
Batting: RHB César Chávez 0-0: Ball
1-0: Ball
2-0: Ball
3-0: Called Strike
3-1: Reached on error, E5 (Line Drive, 56, EV 78.1 MPH)
Johnny McIntosh to second
Batting: RHB António Medina 0-0: Ball
1-0: Ball
2-0: Ball
3-0: Called Strike
3-1: Base on Balls
Johnny McIntosh to third
César Chávez to second
Batting: RHB Johnny Pritchard 0-0: Ball
1-0: Ball
2-0: Called Strike
2-1: Foul Ball, location: 3F
2-2: Ball
3-2: Base on Balls
Johnny McIntosh scores
César Chávez to third
António Medina to second
Batting: RHB Sandy Lane 0-0: Called Strike
0-1: GRAND SLAM HOME RUN (Flyball, 7LD, EV 95.0 MPH), Distance : 342 ft
Pitching: RHP Andy Hudson
Batting: LHB Duane Cooper 0-0: SOLO HOME RUN (Flyball, 7D, EV 97.5 MPH), Distance : 379 ft
Batting: RHB Claude Simmons 0-0: Called Strike
0-1: Ball
1-1: Foul Ball, location: 2F
1-2: Ball
2-2: Ball
3-2: Foul Ball, location: 3FF
3-2: Foul Ball, location: 25F
3-2: Base on Balls
Batting: LHB Phil Blue 0-0: Ball
1-0: Called Strike
1-1: Swinging Strike
1-2: Strikes out looking
Batting: RHB Augusto Estrada 0-0: Ball
1-0: Ball
2-0: Swinging Strike
2-1: Ball
3-1: Foul Ball, location: 23F
3-2: Foul Ball, location: 9LDF
3-2: Base on Balls
Claude Simmons to second
Batting: RHB Johnny McIntosh 0-0: Fly out, F8 (Flyball, 8RD, EV 86.3 MPH)
Top of the 5th over - 7 runs, 4 hits, 1 error, 2 left on base; ACL Seattle 10 - ACL Carolina 6
BOTTOM OF THE 5TH
ACL Carolina Catamounts batting - Pitching for ACL Seattle Mariners : LHP Jim Unknown
Batting: LHB Jamie Robinson 0-0: SINGLE (Line Drive, 89S, EV 86.9 MPH)
Batting: RHB Jesús García 0-0: Bunt missed!
0-1: Sac Bunt to 25 - play at first, batter OUT! 5-3
Jamie Robinson to second
Batting: RHB Robbie Caballero 0-0: Ball
1-0: Ball
2-0: Foul Ball, location: 2F
2-1: Foul Ball, location: 9LDF
2-2: SINGLE (Groundball, 6D, EV 102.5 MPH)
Jamie Robinson to third
Batting: RHB Rex Cahill 0-0: Called Strike
0-1: Ball
1-1: Ball
2-1: Swinging Strike
2-2: Foul Ball, location: 5F
2-2: Ball
3-2: Base on Balls
Robbie Caballero to second
Batting: LHB Jonathan McKee 0-0: Ball
1-0: Called Strike
1-1: Ball
2-1: Ball
3-1: Base on Balls
Jamie Robinson scores
Robbie Caballero to third
Rex Cahill to second
Batting: RHB Ferdinand Maes 0-0: Foul Ball, location: 3SF
0-1: Ball
1-1: Swinging Strike
1-2: Foul Ball, location: 9LMF
1-2: Ball
2-2: Foul Ball, location: 2F
2-2: Strikes out swinging
Batting: LHB Phil Wilson 0-0: Called Strike
0-1: DOUBLE (Line Drive, 5D, EV 107.5 MPH)
Robbie Caballero scores
Rex Cahill scores
Jonathan McKee to third
Pinch Hitting: RHB Juan Martínez 0-0: Called Strike
0-1: Ball
1-1: Swinging Strike
1-2: Foul Ball, location: 3F
1-2: Strikes out swinging
Bottom of the 5th over - 3 runs, 3 hits, 0 errors, 2 left on base; ACL Seattle 10 - ACL Carolina 9
TOP OF THE 6TH
ACL Seattle Mariners batting - Pitching for ACL Carolina Catamounts : RHP Andy Hudson
Now in LF: Juan Martínez
Batting: RHB César Chávez 0-0: Ball
1-0: SINGLE (Groundball, 56, EV 101.9 MPH)
Batting: RHB António Medina 0-0: Called Strike
César Chávez steals 2nd base
0-1: Called Strike
0-2: Ball
1-2: Strikes out swinging
Batting: RHB Johnny Pritchard 0-0: Ball
1-0: Ball
2-0: Foul Ball, location: 3F
2-1: Called Strike
2-2: Ball
3-2: Base on Balls
Batting: RHB Sandy Lane 0-0: Called Strike
0-1: Ground out 6-3 (Groundball, 6S, EV 73.1 MPH)
César Chávez to third
Johnny Pritchard to second
Batting: LHB Duane Cooper 0-0: Called Strike
0-1: Swinging Strike
0-2: Ball
1-2: Ball
2-2: Strikes out swinging
Top of the 6th over - 0 runs, 1 hit, 0 errors, 2 left on base; ACL Seattle 10 - ACL Carolina 9
BOTTOM OF THE 6TH
ACL Carolina Catamounts batting - Pitching for ACL Seattle Mariners : LHP Jim Unknown
Pitching: RHP Jim Unknown
Pinch Hitting: LHB Gene Monroe 0-0: Called Strike
0-1: Ball
1-1: Ball
2-1: Foul Ball, location: 7LDF
2-2: Ball
3-2: SOLO HOME RUN (Flyball, 89XD, EV 106.3 MPH), Distance : 412 ft
Batting: LHB Jamie Robinson 0-0: Ball
1-0: Ball
2-0: Called Strike
2-1: Ball
3-1: Called Strike
3-2: Foul Ball, location: 7LMFF
3-2: Foul Ball, location: 5FF
3-2: Strikes out swinging
Batting: RHB Jesús García 0-0: Foul Ball, location: 5F
0-1: Ball
1-1: Ball
2-1: Foul Ball, location: 9LDF
2-2: Ball
3-2: Strikes out swinging
Batting: RHB Robbie Caballero 0-0: Called Strike
0-1: Ball
1-1: Swinging Strike
1-2: Ball
2-2: Hit by Pitch
Batting: RHB Rex Cahill 0-0: Foul Ball, location: 2F
0-1: Called Strike
0-2: Ball
1-2: Ball
2-2: Strikes out swinging
Bottom of the 6th over - 1 run, 1 hit, 0 errors, 1 left on base; ACL Seattle 10 - ACL Carolina 10
TOP OF THE 7TH
ACL Seattle Mariners batting - Pitching for ACL Carolina Catamounts : RHP Andy Hudson
Now at 1B: Brock Belanger
Pinch Hitting: RHB Billy Nordskog 0-0: Swinging Strike
0-1: Ball
1-1: Foul Ball, location: 9LSF
1-2: Foul Ball, location: 5FF
1-2: Strikes out swinging
Batting: LHB Phil Blue 0-0: Swinging Strike
0-1: Ball
1-1: Swinging Strike
1-2: Ball
2-2: Foul Ball, location: 2F
2-2: Foul Ball, location: 5F
2-2: Foul Ball, location: 2F
2-2: Ball
3-2: Foul Ball, location: 2F
3-2: Base on Balls
Pinch Hitting: LHB Juan Ortíz 0-0: Ball
1-0: Ball
2-0: Foul Ball, location: 7LDF
2-1: Ball
3-1: Fielders Choice at 2nd, 4-6 (Groundball, 4, EV 94.4 MPH)
Batting: RHB Johnny McIntosh 0-0: Ball
1-0: Ball
2-0: Ball
3-0: Base on Balls
Juan Ortíz to second
Pitching: LHP Ian Carter
Batting: RHB César Chávez 0-0: Ball
1-0: Ball
2-0: Called Strike
2-1: Called Strike
2-2: Foul Ball, location: 9LDF
2-2: Ball
3-2: Foul Ball, location: 7LMFF
3-2: Base on Balls
Juan Ortíz to third
Johnny McIntosh to second
Batting: RHB António Medina 0-0: Ball
1-0: Ball
2-0: Ball
3-0: Base on Balls
Juan Ortíz scores
Johnny McIntosh to third
César Chávez to second
Batting: RHB Johnny Pritchard 0-0: Ball
1-0: SINGLE (Groundball, 6MD, EV 100.6 MPH)
Johnny McIntosh scores
César Chávez to third
António Medina to second
Runner from 3rd tries for Home, throw by CF and OUT! 8-2
Top of the 7th over - 2 runs, 1 hit, 0 errors, 2 left on base; ACL Seattle 12 - ACL Carolina 10
BOTTOM OF THE 7TH
ACL Carolina Catamounts batting - Pitching for ACL Seattle Mariners : RHP Jim Unknown
Now in LF: Juan Ortíz
Now in CF: Billy Nordskog
Batting: LHB Jonathan McKee 0-0: Called Strike
0-1: Called Strike
0-2: Ball
1-2: Strikes out swinging
Batting: RHB Ferdinand Maes 0-0: Called Strike
0-1: Ball
1-1: Swinging Strike
1-2: Strikes out swinging
Batting: LHB Phil Wilson 0-0: Called Strike
0-1: Ball
1-1: Called Strike
1-2: Ball
2-2: Strikes out swinging
Bottom of the 7th over - 0 runs, 0 hits, 0 errors, 0 left on base; ACL Seattle 12 - ACL Carolina 10
TOP OF THE 8TH
ACL Seattle Mariners batting - Pitching for ACL Carolina Catamounts : LHP Ian Carter
Batting: RHB Sandy Lane 0-0: Called Strike
0-1: Swinging Strike
0-2: Foul Ball, location: 9LMF
0-2: Fly out, F5 (Popup, 5S, EV 80.6 MPH)
Batting: LHB Duane Cooper 0-0: Ball
1-0: Called Strike
1-1: Ball
2-1: Called Strike
2-2: Ground out 3-1 (Groundball, 34, EV 83.8 MPH)
Batting: RHB Billy Nordskog 0-0: Ball
1-0: Ball
2-0: Ball
3-0: Called Strike
3-1: Base on Balls
Batting: LHB Phil Blue 0-0: Called Strike
0-1: Swinging Strike
0-2: Strikes out looking
Top of the 8th over - 0 runs, 0 hits, 0 errors, 1 left on base; ACL Seattle 12 - ACL Carolina 10
BOTTOM OF THE 8TH
ACL Carolina Catamounts batting - Pitching for ACL Seattle Mariners : RHP Jim Unknown
Batting: RHB Juan Martínez 0-0: Ball
1-0: Swinging Strike
1-1: Foul Ball, location: 3DF
1-2: Ball
2-2: Foul Ball, location: 23F
2-2: Strikes out swinging
Batting: LHB Brock Belanger 0-0: Ball
1-0: Ball
2-0: Ball
3-0: Called Strike
3-1: Base on Balls
Pitching: RHP Jim Unknown
Batting: LHB Jamie Robinson 0-0: 2-RUN HOME RUN (Flyball, 9LD, EV 95.6 MPH), Distance : 343 ft
Batting: RHB Jesús García 0-0: Called Strike
0-1: Foul Ball, location: 3F
0-2: Foul Ball, location: 2F
0-2: Fly out, F6 (Popup, 4MD, EV 68.8 MPH)
Batting: RHB Robbie Caballero 0-0: Called Strike
0-1: Ball
1-1: Ball
2-1: Ball
3-1: Base on Balls
Batting: RHB Rex Cahill 0-0: Ball
Robbie Caballero is caught stealing 2nd base 2-4
Bottom of the 8th over - 2 runs, 1 hit, 0 errors, 0 left on base; ACL Seattle 12 - ACL Carolina 12
TOP OF THE 9TH
ACL Seattle Mariners batting - Pitching for ACL Carolina Catamounts : LHP Ian Carter
Batting: LHB Juan Ortíz 0-0: Ball
1-0: Ball
2-0: Ball
3-0: Base on Balls
Batting: RHB Johnny McIntosh 0-0: Ball
1-0: Bunt missed!
1-1: Sac Bunt to 13 - play at first, batter OUT! 1-3
Juan Ortíz to second
Batting: RHB César Chávez 0-0: Ball
1-0: Ball
2-0: Ball
3-0: Foul Ball, location: 9LMF
3-1: Base on Balls
Batting: RHB António Medina 0-0: Foul Ball, location: 2F
0-1: Swinging Strike
0-2: Ball
1-2: Ball
2-2: Foul Ball, location: 23FF
2-2: Foul Ball, location: 2F
2-2: Ball
3-2: Grounds into double play, 6-4-3 (Groundball, 6, EV 104.4 MPH)
Top of the 9th over - 0 runs, 0 hits, 0 errors, 1 left on base; ACL Seattle 12 - ACL Carolina 12
BOTTOM OF THE 9TH
ACL Carolina Catamounts batting - Pitching for ACL Seattle Mariners : RHP Jim Unknown
Batting: RHB Rex Cahill 0-0: Ball
1-0: Ball
2-0: Ball
3-0: Base on Balls
Batting: LHB Jonathan McKee 0-0: Fly out, F7 (Line Drive, 7, EV 96.9 MPH)
Batting: RHB Ferdinand Maes 0-0: Bunted foul
0-1: Sac Bunt to 3S - play at first, batter OUT! 3-1
Rex Cahill to second
Batting: LHB Phil Wilson 0-0: Ball
1-0: Ball
2-0: Ball
3-0: Called Strike
3-1: Base on Balls
Batting: RHB Juan Martínez 0-0: Ball
1-0: Ball
2-0: Foul Ball, location: 2F
2-1: Ball
3-1: Base on Balls
Rex Cahill to third
Phil Wilson to second
Batting: LHB Brock Belanger 0-0: Foul Ball, location: 9LDF
0-1: Ball
1-1: Swinging Strike
1-2: Ball
2-2: Strikes out swinging
Bottom of the 9th over - 0 runs, 0 hits, 0 errors, 3 left on base; ACL Seattle 12 - ACL Carolina 12
TOP OF THE 10TH
ACL Seattle Mariners batting - Pitching for ACL Carolina Catamounts : LHP Ian Carter
Batting: RHB Johnny Pritchard 0-0: Fly out, F8 (Flyball, 89M, EV 88.1 MPH)
Batting: RHB Sandy Lane 0-0: Called Strike
0-1: Foul Ball, location: 2RF
0-2: Ball
1-2: Ball
2-2: Ball
3-2: Strikes out looking
Batting: LHB Duane Cooper 0-0: Ball
1-0: Ground out 6-3 (Groundball, 6, EV 89.4 MPH)
Top of the 10th over - 0 runs, 0 hits, 0 errors, 0 left on base; ACL Seattle 12 - ACL Carolina 12
BOTTOM OF THE 10TH
ACL Carolina Catamounts batting - Pitching for ACL Seattle Mariners : RHP Jim Unknown
Batting: LHB Jamie Robinson 0-0: Swinging Strike
0-1: Ball
1-1: Called Strike
1-2: Strikes out swinging
Batting: RHB Jesús García 0-0: Foul Ball, location: 2F
0-1: Called Strike
0-2: Foul Ball, location: 9LSF
0-2: Ball
1-2: Ground out 5-3 (Groundball, 56S, EV 83.8 MPH)
Batting: RHB Robbie Caballero 0-0: Ball
1-0: Called Strike
1-1: Ball
2-1: Called Strike
2-2: Ball
3-2: Base on Balls
Batting: RHB Rex Cahill 0-0: Called Strike
0-1: Ball
1-1: Ball
2-1: Ball
3-1: Called Strike
3-2: Base on Balls
Robbie Caballero to second
Pitching: RHP Jim Unknown
Batting: LHB Jonathan McKee 0-0: Called Strike
0-1: Swinging Strike
0-2: Strikes out looking
Bottom of the 10th over - 0 runs, 0 hits, 0 errors, 2 left on base; ACL Seattle 12 - ACL Carolina 12
TOP OF THE 11TH
ACL Seattle Mariners batting - Pitching for ACL Carolina Catamounts : LHP Ian Carter
Batting: RHB Billy Nordskog 0-0: Ball
1-0: Ball
2-0: Ball
3-0: Base on Balls
Batting: LHB Phil Blue 0-0: Ball
Billy Nordskog steals 2nd base
1-0: Swinging Strike
1-1: Swinging Strike
1-2: Foul Ball, location: 2F
1-2: Ball
2-2: Foul Ball, location: 3DF
2-2: Ball
3-2: Foul Ball, location: 2F
3-2: Base on Balls
Batting: LHB Juan Ortíz 0-0: Ball
1-0: Ball
2-0: Ball
3-0: Base on Balls
Billy Nordskog to third
Phil Blue to second
Batting: RHB Johnny McIntosh 0-0: Ball
1-0: Foul Ball, location: 9LDF
1-1: SINGLE (Line Drive, 56D, EV 109.4 MPH)
Billy Nordskog scores
Phil Blue to third
Juan Ortíz to second
Pitching: RHP Jim Unknown
Batting: RHB César Chávez 0-0: Ball
1-0: Called Strike
1-1: Swinging Strike
1-2: Strikes out looking
Batting: RHB António Medina 0-0: Called Strike
0-1: Swinging Strike
0-2: Foul Ball, location: 2F
0-2: Ball
1-2: Foul Ball, location: 9LSF
1-2: Strikes out swinging
Batting: RHB Johnny Pritchard 0-0: Ball
1-0: Ball
2-0: Ball
3-0: Called Strike
3-1: Base on Balls
Phil Blue scores
Juan Ortíz to third
Johnny McIntosh to second
Batting: RHB Sandy Lane 0-0: Called Strike
0-1: Swinging Strike
0-2: Ball
1-2: Strikes out looking
Top of the 11th over - 2 runs, 1 hit, 0 errors, 3 left on base; ACL Seattle 14 - ACL Carolina 12
BOTTOM OF THE 11TH
ACL Carolina Catamounts batting - Pitching for ACL Seattle Mariners : RHP Jim Unknown
Batting: RHB Ferdinand Maes 0-0: Ball
1-0: Called Strike
1-1: Ball
2-1: Ball
3-1: Base on Balls
Batting: LHB Phil Wilson 0-0: Ball
1-0: Foul Ball, location: 2F
1-1: Swinging Strike
1-2: Strikes out looking
Batting: RHB Juan Martínez 0-0: Called Strike
0-1: Fielders Choice at 2nd, 3-6 (Groundball, 34, EV 84.4 MPH)
Batting: LHB Brock Belanger 0-0: Ball
1-0: Ball
2-0: Ball
3-0: Called Strike
3-1: Called Strike
3-2: Base on Balls
Juan Martínez to second
Batting: LHB Jamie Robinson 0-0: Called Strike
0-1: Ball
1-1: Called Strike
1-2: Strikes out swinging
Bottom of the 11th over - 0 runs, 0 hits, 0 errors, 2 left on base; ACL Seattle 14 - ACL Carolina 12
Friday, May 3rd , 2024 - OOTP Baseball 24.10 Build 82